details: 'raped'

« prev index next »

General information

Mini Map

Players

team 1
Orcsep (purple | 51 APM | 991 actions | 19:20)
Hero icon 4 Blademaster
Ability icon 2 Wind Walk
Ability icon 2 Critical Strike
Hero icon 2 Shadow Hunter
Ability icon 1 Healing Wave
Ability icon 1 Hex

» actions
Basic commands72
Build / train69
Enter build submenu18
Enter hero's abilities submenu6
Give item / drop item1
Right click402
Select / deselect342
Use ability81
991 total
» units
Peon14
Grunt6
Troll Headhunter/Berserker12
Raider4
Shaman4
Demolisher1
41 total
» upgrades
Armor2
Berserker Strength1
Ranged Weapons1
Ensnare1
Shaman Training2
Berserker Upgrade1
Pulverize1
9 total
» buildings
Altar of Storms1
Orc Burrow6
Barracks1
Voodoo Lounge1
Stronghold1
War Mill1
Fortress1
Spirit Lodge1
Beastiary1
Watch Tower2
Tauren Totem1
Great Hall1
18 total
» build order
00:08 Altar of Storms
00:12 Orc Burrow
00:38 Barracks
01:31 Orc Burrow
01:45 Voodoo Lounge
02:19 Orc Burrow
03:25 Stronghold
03:36 War Mill
06:20 Orc Burrow
07:14 Fortress
07:42 Spirit Lodge
07:50 Beastiary
10:28 Watch Tower
10:39 Tauren Totem
11:35 Watch Tower
11:55 Orc Burrow
14:48 Great Hall
17:34 Orc Burrow
» items
Lesser Clarity Potion1
Healing Salve2
Boots of Speed1
4 total
team 2
Humankaturian (green | 131 APM | 2540 actions | 19:21)
Hero icon 5 Mountain King
Ability icon 3 Storm Bolt
Ability icon 2 Bash
Hero icon 4 Paladin
Ability icon 2 Holy Light
Ability icon 2 Divine Shield

» actions
Assign group hotkey444
Basic commands110
Build / train104
ESC pressed2
Enter build submenu40
Enter hero's abilities submenu9
Give item / drop item4
Right click638
Select / deselect267
Select group hotkey772
Use ability150
2540 total
» units
Peasant18
Footman11
Goblin Shredder2
Gryphon Rider6
Knight4
Priest4
45 total
» upgrades
Lumber Harvesting1
Swords2
Animal War Training1
Armor1
Priest Training2
7 total
» buildings
Altar of Kings1
Farm13
Barracks1
Scout Tower12
Arcane Tower3
Lumber Mill1
Arcane Vault1
Town Hall2
Guard Tower7
Keep2
Blacksmith1
Castle2
Gryphon Aviary2
Arcane Sanctum1
49 total
» build order
00:06 Altar of Kings
00:18 Farm
00:20 Barracks
00:51 Farm
01:35 Farm
02:22 Scout Tower
03:02 Farm
03:25 Farm
03:27 Arcane Tower
03:40 Lumber Mill
04:02 Arcane Vault
05:34 Scout Tower
05:36 Scout Tower
05:39 Scout Tower
05:41 Scout Tower
05:44 Town Hall
05:49 Town Hall
05:52 Scout Tower
06:06 Guard Tower
06:07 Arcane Tower
06:10 Guard Tower
06:20 Guard Tower
07:22 Keep
07:22 Keep
07:29 Scout Tower
07:35 Scout Tower
07:40 Scout Tower
07:59 Blacksmith
09:12 Guard Tower
10:11 Guard Tower
10:20 Castle
10:21 Castle
10:50 Farm
10:51 Scout Tower
11:28 Gryphon Aviary
11:31 Gryphon Aviary
12:08 Guard Tower
12:22 Arcane Sanctum
12:38 Farm
12:41 Farm
14:56 Farm
14:58 Farm
15:39 Farm
16:39 Farm
17:04 Scout Tower
17:05 Scout Tower
17:55 Guard Tower
19:12 Farm
» items
Dust of Appearance2
Boots of Speed2
Scroll of Regeneration5
Lesser Clarity Potion5
Potion of Healing3
Potion of Mana4
Ivory Tower2
Scroll of Town Portal3
Staff of Sanctuary1
27 total